Zazza, lawful female dwarven Valkyrie -------- ######################``#################`I ....(<.| ----- # --------------------------------- |......| |....############.............@..................| #.......| |...| # # # |.------------.....------------.| ###-.------ |....## # ### |.|%[)|...|%.|.....-..|(((|...|.| % # |...| # |.|.*)|...|(%|...@.|..|(((|...|.|### # |...| ##..|%.%|...|..|..YMY|..|...|...|.|# # |...| |.|...|...||--.....-----|--|---.|# ### ----- |.--|--|---......G.G.....).......# # |.............{......{..........|########### |.-|---|---....-.|---...........|# ----.-.-- |.|...|...|---.|....|.-----|---.|# |.......| |.|...|...|..|.|....|.|..|....|.|# |.......| |.|...|...|..-.|.._.|.-..|....|.|# |.......| |.|...|...|..|.|....|.|..|....|.|# |....>..| |.------------.------.---------.|# |.^.....| |...............................|# --------- ---------------------------------# Zazza the Fighter Experience level: 9 Strength: 18/03 Dexterity: 10 Constitution: 17 Intelligence: 7 Wisdom: 10 Charisma: 8 Health: 0(76) Energy: 20(20) Def: 10 Gold: 4346 Moves: 15723 Dungeon seed: InJzdSFUZKX1nYHt Game ID: Zazza_1527695079 Your Inventory: Coins $ - 4346 gold pieces Weapons a - the blessed greased rustproof +1 Excalibur (weapon in hand) b - a +0 dagger J - a blessed +0 elven dagger (in quiver) Armor r - an uncursed +0 orcish helm (being worn) v - an uncursed greased +0 dwarvish cloak (being worn) y - an uncursed greased +0 pair of low boots (being worn) T - an uncursed greased very burnt +3 small shield (being worn) V - an uncursed greased +0 elven mithril-coat (being worn) Comestibles p - an uncursed tripe ration w - 2 uncursed lichen corpses z - an uncursed ape corpse M - an uncursed lizard corpse Q - 10 uncursed food rations Scrolls g - 2 uncursed scrolls of earth C - an uncursed scroll of create monster S - an uncursed scroll of teleportation Potions d - a cursed potion of healing h - a cursed potion of levitation i - an uncursed potion of sickness l - an uncursed potion of object detection t - an uncursed potion of booze E - a cursed potion of confusion H - a blessed potion of object detection Rings q - an uncursed -1 ring of increase damage I - an uncursed ring of sustain ability (on right hand) Y - an uncursed greased ring of slow digestion (on left hand) Wands f - a wand of teleportation (0:3) m - a wand of slow monster (0:7) u - a wand of fire (0:4) x - a wand of striking (0:6) K - a blessed wand of secret door detection (0:14) W - a wand of cold (0:4) X - a wand of lightning (0:3) Tools o - a blessed can of grease (0:7) Gems e - an uncursed chrysoberyl stone n - a blessed touchstone Spells and supernatural/magical abilities: Name Level Category Fail Memory u - confuse monster 2 enchantment 100% 86% M - magic mapping 5 divination 100% 87% W - pray for help -- divine ? -- Your skills at the end: Fighting Skills Weapon Skills dagger [Basic] long sword [Expert] Spellcasting Skills Final Attributes: You were piously aligned. You were cold resistant. You were poison resistant. You were level-drain resistant. You saw invisible. You were telepathic. You had automatic searching. You had infravision. You were stealthy. You could teleport. You had slower digestion. You were fast. You had fixed abilities. You were lucky. You are dead. Vanquished creatures: a ghost a large mimic a water demon a small mimic a gelatinous cube a pyrolisk 2 large cats a tengu an elf mummy a Grey-elf a succubus a quivering blob 5 wolves 4 leprechauns a horse a black light a lizard 2 dogs a housecat 2 blue jellies a gnome mummy a snake an ape 2 fire ants 7 bugbears an imp 3 wood nymphs 2 water nymphs 2 mountain nymphs 2 Mordor orcs an Uruk-hai 4 rock piercers 3 rock moles 2 ponies 4 fog clouds 2 yellow lights 4 shriekers a violet fungus 4 gnome lords 3 kobold mummies a red naga hatchling a black naga hatchling a golden naga hatchling a guardian naga hatchling a gray ooze 7 elf zombies a ghoul 5 giant ants a little dog 2 floating eyes a kitten a dwarf 4 homunculi 2 kobold lords a kobold shaman 7 hill orcs 4 rothes a rabid rat a giant bat 7 orc zombies 6 dwarf zombies a wererat a werejackal 5 iguanas 11 killer bees 2 acid blobs 4 coyotes 4 gas spores 3 hobbits a large kobold 6 hobgoblins 4 giant rats 5 cave spiders 5 brown molds 3 yellow molds a green mold a red mold 15 gnomes a gnome zombie 8 geckos 8 jackals 5 foxes 4 kobolds 4 goblins a sewer rat 14 grid bugs 3 bats 13 lichens 4 kobold zombies 6 newts 279 creatures vanquished. Genocided species: mind flayers 1 species genocided. Voluntary challenges: You had been an atheist until turn 2597. You used a wielded weapon 357 times, starting on turn 1. You read items or engraved 48 times, starting on turn 3776. You genocided 1 type of monster, starting on turn 14026. You never polymorphed an object. You never changed form. You used no wishes. You never split a pudding. You never wrote Elbereth's name. You violated your moral code, losing 23 points of alignment, starting on turn 11209. Dungeon overview: The Dungeons of Doom: levels 1 to 9 Level 1 a long staircase Level 2 Level 3 stairs to The Gnomish Mines Level 4 a scroll shop, a sink Level 5 Level 6 stairs to Sokoban Level 7 Level 8 Level 9 The Gnomish Mines: levels 4 to 7 Level 4 stairs to The Dungeons of Doom Level 5 Level 6 Level 7 <- You were here some shops, a temple to Tyr, some fountains Sokoban: levels 3 to 5 Level 3 Level 4 Level 5 stairs to The Dungeons of Doom History has recorded: On T:1 you entered the Dungeons of Doom to retrieve the Amulet of Yendor! On T:734 you advanced to experience level 2. On T:790 you reached level 2 of The Dungeons of Doom. On T:1314 you reached level 3 of The Dungeons of Doom. On T:1601 you advanced to experience level 3. On T:1884 you reached level 1 of The Gnomish Mines. On T:2281 you reached level 2 of The Gnomish Mines. On T:2544 you reached level 3 of The Gnomish Mines. On T:2925 you reached level 4 of The Gnomish Mines. On T:3240 you advanced to experience level 4. On T:3927 you advanced to experience level 5. On T:4763 you reached level 4 of The Dungeons of Doom. On T:5339 you advanced to experience level 6. On T:7015 you advanced to experience level 7. On T:7621 you reached level 5 of The Dungeons of Doom. On T:9092 you advanced to experience level 8. On T:9984 you reached level 6 of The Dungeons of Doom. On T:10534 you reached level 4 of Sokoban. On T:11059 you reached level 3 of Sokoban. On T:11778 you reached level 2 of Sokoban. On T:12808 you reached level 7 of The Dungeons of Doom. On T:13056 you reached level 8 of The Dungeons of Doom. On T:13270 you reached level 9 of The Dungeons of Doom. On T:13910 you advanced to experience level 9. Score breakdown: Gold: 4346 (12375 points) Experience: 9 levels (15756 points) Exploration: 9 levels ( 18.00%) (12121 points) Discoveries: 45 items ( 18.29%) (12830 points) Valuables value: (no points given unless you survive) Artifact value: 4000 (12253 points) Variety of kills: 90 monsters ( 23.62%) (14580 points) Turncount: 15723 turns (-3047 points) Survival: died (score multiplied by 80%) Total score: 61494 Latest messages: You are surrounded by a shimmering light. The ape starts to attack you, but pulls back. (2x) The ettin mummy starts to attack you, but pulls back. The ape starts to attack you, but pulls back. (2x) The ettin mummy starts to attack you, but pulls back. The ape starts to attack you, but pulls back. (2x) The ettin mummy starts to attack you, but pulls back. You feel that Tyr is well-pleased. The wand of teleportation glows and fades. The ape hits! (2x) The ape misses. The ape hits! The ape misses. The ape bites! The ettin mummy misses. The ettin mummy hits! You die... Your body rises from the dead as a dwarf mummy... Final status: Farvel Zazza the Valkyrie, killed by an ettin mummy... You died in The Gnomish Mines on dungeon level 7 with 61494 points, and 4346 pieces of gold, after 15723 moves. You were level 9 with a maximum of 76 hit points when you died.